 Dungeon Crawl Stone Soup version 0.26-b1-45-g23770d1d51 (webtiles) character file.

Game seed: 17966862348241607830

136 DocSulfur the Ruffian (level 4, 0/36 HPs)
             Began as a Draconian Transmuter on Jan 6, 2021.
             Slain by a white imp (3 damage)
             ... on level 6 of the Dungeon.
             The game lasted 00:04:14 (2790 turns).

DocSulfur the Ruffian (Draconian Transmuter)        Turns: 2790, Time: 00:04:14

Health: 0/36       AC:  5    Str: 13    XL:     4   Next: 98%
Magic:  4/7        EV: 12    Int: 14    God:
Gold:   117        SH:  0    Dex: 11    Spells: 5/8 levels left

rFire    . . .     SeeInvis .     - Unarmed
rCold    . . .     Faith    +   (no shield)
rNeg     . . .     Spirit   .   (armour unavailable)
rPois    .         Reflect  .   (helmet currently unavailable)
rElec    .         Harm     .   (no cloak)
rCorr    .         Rampage  .   (no gloves)
Will     .....                  (boots currently unavailable)
Stlth    +.........             c - amulet of faith
HPRegen  0.12/turn              (no ring)
MPRegen  0.10/turn              (no ring)

@: lethally poisoned (0 -> -6), appendages, wereblooded
A: unfitting armour, horns 2, talons 2, cold-blooded, AC +5
a: End Transformation


You were on level 6 of the Dungeon.
You had grown temporary horns.
You had grown temporary talons.
You visited 1 branch of the dungeon, and saw 4 of its levels.

You collected 117 gold pieces.

Inventory:

Hand Weapons
 h - a +0 hunting sling
Missiles
 f - 111 stones
Jewellery
 c - an amulet of faith (around neck)
Scrolls
 a - a scroll of identify {unknown}
 b - a scroll of teleportation {unknown}
 d - a scroll of random uselessness {unknown}
 e - a scroll of fear {unknown}
 g - a scroll of remove curse {unknown}
Potions
 i - a potion of lignification {unknown}


   Skills:
 + Level 2.0 Fighting
 - Level 2.1 Dodging
 * Level 4.1 Unarmed Combat
 + Level 2.5 Spellcasting
 * Level 3.2 Transmutations


You had 5 spell levels left.
You knew the following spells:

 Your Spells              Type           Power        Failure   Level
a - Beastly Appendage     Tmut           20%          6%          1
b - Wereblood             Tmut           10%          9%          2

Your spell library contained the following spells:

 Spells                   Type           Power        Failure   Level
 Spider Form              Tmut/Pois      3%           34%         3
 Ice Form                 Ice/Tmut       6%           75%         4
 Blade Hands              Tmut           5%           86%         5


Dungeon Overview and Level Annotations

Branches:
Dungeon (3/15)

Altars:
Gozag
Kikubaaqudgha
Uskayaw


Innate Abilities, Weirdness & Mutations

Your plain brown scales are hard. (AC +5)
You cannot fit into any form of body armour.
You are cold-blooded and may be slowed by cold attacks.
You have a pair of horns on your head.
You have razor-sharp toenails.


Message History

You hit the orc priest but do no damage.
Your tail-slap misses the orc priest.
The white imp gestures at you. The puff of frost hits you!
You barely miss the orc priest.
You claw the orc priest, but do no damage.
The orc priest hits you but does no damage.
The adder closely misses you.
The white imp hits you but does no damage.
The orc warrior hits you from afar with a +0 glaive!
You hit the orc priest. Your kick misses the orc priest.
The orc priest is moderately wounded.
The orc priest calls down the wrath of Beogh upon you.
Beogh smites you!
* * * LOW HITPOINT WARNING * * *
The adder bites you.
* * * LOW HITPOINT WARNING * * *
You are lethally poisoned!
The adder poisons you! The white imp hits you.
You die...

########
###########......#######
........................
###########....5.#####
#.....@# #....So#
#......o. #.........
#######.... .... .....
.#####


You could see an orc warrior, an orc priest, an adder and a white imp.

Vanquished Creatures
  An orc priest (D:6)
  A worker ant (D:6)
  5 adders
  2 leopard geckos
  An orc (D:3)
  4 bats
  2 giant cockroaches
  2 goblins (D:2)
  3 hobgoblins
  2 quokkas
  4 frilled lizards
  10 kobolds
  A leopard gecko skeleton (D:6)
  2 rats (D:2)
40 creatures vanquished.

Notes
Turn   | Place    | Note
-------+----------+-------------------------------------------
     0 | D:1      | DocSulfur the Draconian Transmuter began the quest for the
                  | Orb.
     0 | D:1      | Reached XP level 1. HP: 16/16 MP: 3/3
   535 | D:1      | Reached XP level 2. HP: 22/23 MP: 5/5
  1318 | D:2      | Reached XP level 3. HP: 8/28 MP: 6/6
  1757 | D:2      | Found an ancient bone altar of Kikubaaqudgha.
  1757 | D:2      | Found a faded altar of an unknown god.
  1762 | D:2      | Found an opulent altar of Gozag.
  1764 | D:2      | Found a faded altar of an unknown god.
  1765 | D:2      | Found a hide-covered altar of Uskayaw.
  2334 | D:2      | Learned a level 2 spell: Wereblood
  2350 | D:3      | Reached XP level 4. HP: 24/35 MP: 4/7
  2724 | D:3      | You fall into a shaft and drop 3 floors!
  2735 | D:6      | Reached skill level 4 in Unarmed Combat
  2779 | D:6      | Noticed an orc warrior
  2790 | D:6      | Slain by a white imp

Illustrated notes

Levels and vault maps discovered:
D:1:      psy_arrival_terrarium, layout_basic
D:2:      layout_basic, chequers_temple_overflow_minitemple
D:3:      layout_basic
D:6:      layout_basic

Skill      XL: |  1  2  3  4 |
---------------+-------------+-----
Dodging        | 2 |  2.1
Unarmed Combat | 4 |  4.1
Transmutations | 3 |  3.2
Fighting       | 2 |  2.0
Spellcasting   | |  2.5

Action                   |  1- 3 |  4- 6 || total
-------------------------+-------+-------++-------
Melee: Unarmed           |   100 |    36 ||   136
       Tailslap          |     6 |     1 ||     7
       Headbutt          |     4 |     5 ||     9
       Punch             |     3 |       ||     3
       Kick              |     8 |     3 ||    11
 Cast: Beastly Appendage |    13 |     3 ||    16
       Wereblood         |     1 |     1 ||     2
  Use: Potion            |     3 |       ||     3
Armor: Skin              |    27 |    10 ||    37
Dodge: Dodged            |    65 |    20 ||    85
